 Dungeon Crawl Stone Soup version 0.31-a0-1-g4198be8af4 (webtiles) character file.

Game seed: 11229645403842010459

271 sircluck the Covered (level 6, -15/53 HPs)
             Began as a Minotaur Fighter on May 2, 2023.
             Was a Believer of Trog.
             Demolished by an ogre
             ... wielding a +0 giant spiked club
              (29 damage)
             ... on level 3 of the Dungeon.
             The game lasted 00:03:20 (3061 turns).

sircluck the Covered (Minotaur Fighter)             Turns: 3061, Time: 00:03:21

Health: -15/53     AC:  9    Str: 22    XL:     6   Next: 2%
Magic:  5/5        EV:  9    Int:  5    God:    Trog [**....]
Gold:   131        SH:  4    Dex: 10    Spells: 5/5 levels left

rFire   + + .        a - +0 war axe
rCold   x . .        c - +0 buckler
rNeg    . . .        q - +0 fire dragon scales
rPois   .            (helmet restricted)
rElec   .            (no cloak)
rCorr   .            (no gloves)
SInv    .            (no boots)
Will    .....        (no amulet) Stlth
                     (no ring)
HPRegen 0.28/turn    (no ring)
MPRegen 0.09/turn

%: no passive effects
@: no status effects
A: horns 2, retaliatory headbutt
a: Renounce Religion, Berserk, Trog's Hand


You were on level 3 of the Dungeon.
You worshipped Trog.
Trog was pleased with you.
You visited 1 branch of the dungeon, and saw 4 of its levels.

You collected 131 gold pieces.

Inventory:

Hand Weapons
 a - a +0 war axe (weapon)
Missiles
 j - 21 stones (quivered)
 l - 4 javelins
 t - 5 poisoned darts
Armour
 b - a +0 scale mail
 c - a +0 buckler (worn)
 q - +0 fire dragon scales (worn)
Scrolls
 e - a scroll of torment {unknown}
 g - 3 scrolls of identify {unknown}
 i - a scroll of summoning {unknown}
 m - a scroll of brand weapon {unknown}
 n - a scroll of enchant armour {unknown}
 p - a scroll of fear {unknown}
 r - a scroll of immolation {unknown}
 s - a scroll of fog {unknown}
Potions
 d - a potion of might
 f - a potion of cancellation {unknown}
 h - a potion of heal wounds {unknown}
 k - 2 potions of attraction {unknown}
 o - 2 potions of flight {unknown}


   Skills:
 + Level 4.6 Fighting
 + Level 5.1 Axes
 + Level 5.4 Armour
 + Level 0.7 Dodging
 + Level 0.3 Stealth
 + Level 4.2 Shields


You had 5 spell levels left.
You didn't know any spells.
Your spell library was empty.

Dungeon Overview and Level Annotations

Branches:
Dungeon (4/15)
 Temple: D:4-7

Altars:
Trog
Zin

Shops:
D:3 *


Innate Abilities, Weirdness & Mutations

You have a pair of horns on your head.
You reflexively headbutt those who attack you in melee.


Message History

The gnoll barely misses you.
You hit the gnoll. Your headbutt misses the gnoll.
The gnoll is severely wounded.
The gnoll barely misses you. You furiously retaliate!
You headbutt the gnoll!
You kill the gnoll!
Trog accepts your kill.
You have reached level 6!
You start resting.
HP restored.
You start waiting.
Done waiting.
You start waiting.
Done waiting.
You climb downwards.
You hear the sound of rushing water.
There is an entrance to a sewer on this level.
Hurry and find it before the portal rusts away!
You hear the rapid rusting of a very distant drain.
The ogre hits you with a +0 giant spiked club!!
There is a stone staircase leading up, spattered with blood here.
You barely miss the ogre. The ogre barely misses you.
You hit the ogre. Your headbutt misses the ogre.
The ogre is moderately wounded.
You block the ogre's attack.
You barely miss the ogre.
The ogre is moderately wounded.
The gnoll hits you but does no damage.
The ogre hits you with a +0 giant spiked club!!
* * * LOW HITPOINT WARNING * * *
The gnoll misses you.
You are too injured to fight recklessly!
You are too injured to fight recklessly!
You are too injured to fight recklessly!
The gnoll hits you but does no damage.
You climb upwards.
There is a stone staircase leading down here.
You slash the ogre! You headbutt the ogre!
The ogre is severely wounded.
The ogre hits you with a +0 giant spiked club!!
Ouch! That really hurt!
You die...

.# ########### #######.#
#.# .# #.........#
#....†..# #.#
†###.#######.# #.#####)#
#.# .....# #.# #.# #.# #.#
.##### #.# #.# #.# #.# .#
#.# #.# #.####.# .# #.# #.#
#......# .#
#######.######.#####.######
.#####.........O@)........#
.......####################
########


You could see an ogre.

Vanquished Creatures
  2 scorpions (D:3)
  A sleepcap (D:4)
  4 adders
  3 gnolls
  A worm (D:2)
  A dart slug (D:1)
  9 endoplasms
  5 giant cockroaches
  4 goblins
  8 hobgoblins
  2 quokkas
  7 ball pythons
  8 bats
  2 frilled lizards (D:1)
  6 kobolds
  3 rats
66 creatures vanquished.

Notes
Turn   | Place    | Note
-------+----------+-------------------------------------------
     0 | D:1      | sircluck the Minotaur Fighter began the quest for the Orb.
     0 | D:1      | Reached XP level 1. HP: 19/19 MP: 0/0
   281 | D:1      | Reached XP level 2. HP: 27/27 MP: 1/1
   823 | D:2      | Found a faded altar of an unknown god.
   842 | D:2      | Prayed at the altar of an unknown god.
   842 | D:2      | Became a worshipper of Trog the Wrathful
   842 | D:2      | Reached * piety under Trog
   974 | D:2      | Reached XP level 3. HP: 33/33 MP: 2/2
  1352 | D:2      | Reached ** piety under Trog
  1847 | D:3      | Reached XP level 4. HP: 40/40 MP: 3/3
  1896 | D:3      | Noticed a scorpion
  1904 | D:3      | Killed a scorpion
  1905 | D:3      | Reached XP level 5. HP: 31/47 MP: 4/4
  2028 | D:3      | Found Zin's Purification Station.
  2033 | D:3      | Found a glowing silver altar of Zin.
  2490 | D:4      | Noticed an ogre
  2506 | D:4      | Reached skill level 5 in Armour
  2524 | D:3      | Reached skill level 5 in Axes
  2694 | D:3      | Reached XP level 6. HP: 8/53 MP: 5/5
  3061 | D:3      | Demolished by an ogre

Illustrated notes

Levels and vault maps discovered:
D:1:      psy_arrival_radial02, layout_loops_ring, minmay_split_cup_large
D:2:      minmay_spotlight, layout_loops_ring, nicolae_ecumenical_oubliette
D:3:      layout_loops_ring, zin_purify
D:4:      wander_river, layout_rooms, portal_sewer_entry_e

Skill      XL: |  1  2  3  4  5 |
---------------+----------------+-----
Armour         | 4 5 |  5.4
Fighting       | 4 |  4.6
Axes           | 3 4 5 |  5.1
Shields        | 4 |  4.2
Dodging        | |  0.7
Stealth        | |  0.3

Action                     |  1- 3 |  4- 6 || total
---------------------------+-------+-------++-------
  Melee: War axe           |    92 |    51 ||   143
         Headbutt          |    10 |     7 ||    17
 Armour: Scale mail        |    54 |       ||    54
         Fire dragon scale |     5 |    25 ||    30
  Dodge: Dodged            |    39 |    39 ||    78
  Block: Buckler           |    28 |    18 ||    46

Table legend: (Time is in decaauts)
 A = Elapsed time spent in this place.
 B = Non-inter-level travel time spent in this place.
 C = Inter-level travel time spent in this place.
 D = Time resting spent in this place.
 E = Time spent auto-exploring this place.
 F = Levels seen in this place.
 G = Mean time per level.
                   A        B        C        D        E       F      G
               +--------+--------+--------+--------+--------+-----+--------+
         Total |   3116 |   2916 |    200 |    518 |   1924 |   4 |  779.0 |
       Dungeon |   3116 |   2916 |    200 |    518 |   1924 |   4 |  779.0 |
               +--------+--------+--------+--------+--------+-----+--------+

Top non-repeatable levels by time:
     D:3: 1223 daAuts
     D:1: 896 daAuts
     D:2: 846 daAuts
     D:4: 150 daAuts
